 Dungeon Crawl Stone Soup version 0.23.2-1-ga50397a6bc (webtiles) character file.

Game seed: 11735444001689559130

91 Elkator the Charmwright (level 4, -4/34 HPs)
             Began as a Barachi Skald on May 26, 2019.
             Slain by a worker ant (6 damage)
             ... on level 4 of the Dungeon.
             The game lasted 00:19:16 (1644 turns).

Elkator the Charmwright (Barachi Skald)             Turns: 1644, Time: 00:19:16

Health: -4/34      AC:  4    Str: 12    XL:     4   Next: 57%
Magic:  15/16      EV: 12    Int: 15    God:
Gold:   55         SH:  0    Dex: 11    Spells: 3/8 levels left

rFire    . . .     SeeInvis .   a - +0 falchion
rCold    . . .     Gourm    .   (no shield)
rNeg     . . .     Faith    .   b - +0 leather armour
rPois    .         Spirit   .   (no helmet)
rElec    .         Reflect  .   c - +0 cloak
rCorr    .         Harm     .   (no gloves)
MR       .....                  (no boots)
Stlth    +.........             (no amulet)
HPRegen  0.11/turn              i - ring of magical power
MPRegen  0.15/turn              (no ring)

@: lethally poisoned (-4 -> -10), singing (expiring), can't hop, slow
A: +LOS, swims, slowness 1, strong legs 1
a: Hop


You were on level 4 of the Dungeon.
You were not hungry.

You visited 1 branch of the dungeon, and saw 3 of its levels.

You collected 55 gold pieces.

Inventory:

Hand Weapons
 a - a +0 falchion (weapon)
 h - a +1 hand axe of chopping
Armour
 b - a +0 leather armour (worn)
 c - a +0 cloak (worn)
Jewellery
 i - a ring of magical power (left hand)
Scrolls
 f - a scroll of remove curse {unknown}
 g - a scroll of identify {unknown}
 l - a scroll of teleportation {unknown}
Potions
 e - a potion of curing {unknown}
 k - a potion of lignification {unknown}
Comestibles
 d - 4 rations
 j - 5 chunks of flesh


   Skills:
 + Level 2.9 Fighting
 + Level 3.6 Long Blades
 + Level 2.1 Armour
 + Level 2.5 Dodging
 + Level 2.6 Spellcasting
 * Level 4.0 Charms


You had 3 spell levels left.
You knew the following spells:

 Your Spells              Type           Power        Failure   Level  Hunger
a - Infusion              Chrm           ##..         4%          1    #......
b - Song of Slaying       Chrm           ##......     8%          2    ###....
c - Shroud of Golubria    Chrm/Tloc      #.........   19%         2    ###....

Your spell library contained the following spells:

 Spells                   Type           Power        Failure   Level  Hunger
 Regeneration             Chrm/Necr      #.........   34%         3    ###....
 Spectral Weapon          Hex/Chrm       #.......     34%         3    ###....


Dungeon Overview and Level Annotations

Branches:
Dungeon (2/15)

Altars:

Annotations:
D:4 Natasha


Innate Abilities, Weirdness & Mutations

Shadows flee at your approach. (+LOS)
You can swim through water.
You cover ground slowly.
You can hop short distances.


Message History

The worker ant twitches its antennae in your direction.
The worker ant bites you.
* * * LOW HITPOINT WARNING * * *
Natasha mumbles some strange words.
An orc comes into view. It is wielding a +0 short sword.
Your song is almost over.
The orc shouts!
The howler monkey hoots and howls with incredible vigour!
The worker ant bites you.
* * * LOW HITPOINT WARNING * * *
You are lethally poisoned!
The worker ant poisons you!
You hear a shout!
* * * LOW HITPOINT WARNING * * *
You feel sick.
Found 18 gold pieces.
* * * LOW HITPOINT WARNING * * *
You feel sick. The orc misses you.
You hit the orc but do no damage. The worker ant bites you.
You die...

#$#.########
.....#.#......o@aa# #
..
.#.#.#.######h##.######
. ..
...........5..........
.. .
#...#..####.h##.#.####
... #.#...#..# #..# #
...#.#...#..# #h5#
.......#..# #.h#
#.#.#...#..####..#
#..........sh....#


You could see a howler monkey, 2 worker ants and an orc.

Vanquished Creatures
  Jessica (D:2)
  2 adders (D:2)
  An ooze (D:2)
  A worm (D:2)
  A dart slug (D:2)
  2 leopard geckos
  2 giant cockroaches
  5 goblins
  2 hobgoblins
  4 jackals (D:2)
  7 bats
  4 kobolds
  5 rats
37 creatures vanquished.

Notes
Turn   | Place    | Note
-------+----------+-------------------------------------------
     0 | D:1      | Elkator the Barachi Skald began the quest for the Orb.
     0 | D:1      | Reached XP level 1. HP: 17/17 MP: 3/3
   182 | D:1      | Reached XP level 2. HP: 23/23 MP: 5/5
   671 | D:2      | Noticed Jessica
   680 | D:2      | Reached XP level 3. HP: 27/28 MP: 0/6
   971 | D:2      | Killed Jessica
   971 | D:2      | Reached skill level 4 in Charms
   981 | D:2      | Learned a level 2 spell: Song of Slaying
   984 | D:2      | Learned a level 2 spell: Shroud of Golubria
  1009 | D:2      | Reached XP level 4. HP: 27/34 MP: 7/7
  1614 | D:2      | You fall through a shaft for 2 floors!
  1614 | D:4      | Noticed Natasha
  1644 | D:4      | Slain by a worker ant

Skill      XL: |  1  2  3  4 |
---------------+-------------+-----
Long Blades    | 3 |  3.6
Charms         | 4 |  4.0
Armour         | 2 |  2.1
Fighting       | |  2.9
Dodging        | |  2.5
Spellcasting   | |  2.6

Action                   |  1- 3 |  4- 6 || total
-------------------------+-------+-------++-------
Melee: Falchion          |    85 |    35 ||   120
 Cast: Infusion          |     3 |     3 ||     6
       Shroud of Golubri |       |     2 ||     2
       Song of Slaying   |       |     1 ||     1
 Abil: Hop               |     1 |     1 ||     2
  Eat: Chunk             |     1 |     2 ||     3
Armor: Leather armour    |    28 |    13 ||    41
Dodge: Dodged            |    70 |    30 ||   100
       Rpst.: Falchion   |    26 |     8 ||    34
